Map: [ESL] Cosmic Sapphire

Players

MaNa

  • Race: Protoss Protoss
  • Spawn Location: 5:00

Solar - Winner!

  • Race: Zerg Zerg
  • Spawn Location: 11:00

Event: DreamHack SC2 Masters 2022 Valencia

VOD

Have the link to the VOD?

Description

Time

  • Played on: July 1, 2022, 10:35 a.m.
  • Length: 21:57

All games in this series

Show
View Real Time Build Order
Export as new Build Order

MaNa Protoss 

Build Orders: 1 Gate Expand, Oracle Opening 

Get SALT Encoding   

  12  0:00  Probe  
  13  0:12  Probe  
  14  0:20  Pylon  
  14  0:24  Probe  
  15  0:39  Probe (Chrono Boost)  
  16  0:45  Gateway  
  16  0:47  Probe (Chrono Boost)  
  17  0:54  Assimilator  
  17  0:55  Probe (Chrono Boost)  
  18  1:07  Probe (Chrono Boost)  
  19  1:14  Probe (Chrono Boost)  
  20  1:21  Probe  
  21  1:33  Nexus  
  21  1:42  Cybernetics Core  
  21  1:47  Assimilator  
  21  1:50  Probe  
  22  1:56  Pylon  
  22  2:02  Probe  
  23  2:14  Probe  
  24  2:17  Adept (Chrono Boost)  
  24  2:20  Stargate  
  26  2:26  Probe  
  26  2:27  Warp Gate  
  27  2:38  Probe  
  27  2:40  Stalker  
  30  2:45  Probe (Chrono Boost)  
  32  2:55  Probe (Chrono Boost)  
  32  2:57  Probe (Chrono Boost)  
  33  3:01  Oracle (Chrono Boost)  
  33  3:05  Probe (Chrono Boost)  
  37  3:06  Probe (Chrono Boost)  
  38  3:15  Probe  
  38  3:17  Probe  
  40  3:34  Oracle  
  43  3:36  Nexus, Probe x2  
  45  3:42  Pylon  
  45  3:48  Probe  
  45  3:51  Probe  
  45  3:57  Twilight Council  
  45  3:58  Pylon  
  45  4:02  Probe  
  46  4:03  Probe  
  47  4:14  Probe  
  47  4:17  Probe  
  47  4:20  Adept  
  50  4:25  Gateway  
  50  4:26  Probe  
  50  4:30  Probe  
  52  4:33  Blink (Chrono Boost)  
  52  4:37  Gateway  
  52  4:39  Probe (Chrono Boost)  
  52  4:42  Probe (Chrono Boost)  
  52  4:43  Gateway  
  52  4:44  Gateway  
  53  4:46  Stalker  
  53  4:48  Probe (Chrono Boost)  
  58  4:53  Pylon  
  58  4:54  Probe (Chrono Boost)  
  58  4:56  Probe (Chrono Boost)  
  58  4:58  Probe (Chrono Boost)  
  58  4:59  Probe (Chrono Boost)  
  59  5:03  Probe x2 (Chrono Boost)  
  62  5:08  Probe, Gateway  
  63  5:14  Probe  
  63  5:15  Probe  
  63  5:16  Assimilator  
  63  5:20  Stalker x2, Probe  
  70  5:27  Probe x2  
  72  5:33  Probe  
  72  5:35  Shield Battery  
  73  5:36  Forge  
  73  5:39  Probe  
  73  5:40  Stalker x3  
  80  5:47  Stalker  
  80  5:48  Stalker  
  84  5:50  Pylon  
  84  5:52  Protoss Ground Weapons Level 1  
  84  5:53  Probe  
  85  5:57  Gateway  
  85  5:59  Gateway  
  85  6:06  Pylon  
  85  6:08  Pylon  
  85  6:09  Zealot x4  
  92  6:14  Probe  
  93  6:21  Charge (Chrono Boost)  
  93  6:23  Pylon  
  93  6:24  Probe x2  
  95  6:28  Nexus  
  95  6:31  Stalker  
  97  6:38  Probe  
  98  6:51  Stalker x5  
  98  6:52  Zealot  
  98  6:54  Probe x2  
  110  6:55  Probe  
  110  6:56  Pylon  
  111  7:02  Assimilator  
  111  7:06  Probe  
  111  7:07  Pylon  
  111  7:08  Pylon  
  112  7:10  Forge  
  112  7:16  Photon Cannon  
  112  7:20  Oracle  
  112  7:22  Zealot x4  
  123  7:26  Probe x3  
  126  7:37  Stalker x3  
  126  7:38  Stalker  
  126  7:41  Probe x2, Protoss Ground Armor Level 1 (Chrono Boost)  
  126  7:43  Probe  
  137  7:47  Probe  
  138  7:53  Probe  
  138  7:56  Zealot x2  
  138  7:57  Zealot x2  
  138  7:58  Protoss Ground Weapons Level 2 (Chrono Boost)  
  147  8:00  Shield Battery  
  147  8:06  Probe  
  147  8:09  Photon Cannon  
  147  8:10  Shield Battery  
  147  8:12  Robotics Facility  
  148  8:13  Pylon  
  144  8:38  Stalker x7  
  144  8:39  Probe  
  144  8:40  Probe  
  154  8:42  Assimilator  
  154  8:43  Assimilator  
  154  8:48  Gateway  
  154  8:49  Gateway  
  154  8:50  Gateway x2  
  154  8:52  Gateway  
  154  8:55  Gateway  
  154  8:58  Immortal (Chrono Boost), Shield Battery  
  154  9:00  Pylon  
  158  9:05  Robotics Bay  
  158  9:10  Pylon  
  158  9:12  Pylon  
  158  9:13  Pylon  
  158  9:19  Probe x2  
  158  9:21  Zealot x6  
  172  9:28  Warp Prism (Chrono Boost)  
  172  9:29  Photon Cannon  
  172  9:32  Robotics Facility  
  172  9:36  Probe  
  172  9:37  Probe  
  176  9:39  Assimilator  
  176  9:41  Assimilator  
  176  9:52  Protoss Shields Level 1 (Chrono Boost)  
  176  9:57  Disruptor (Chrono Boost)  
  178  10:01  Stalker x5  
  178  10:22  Disruptor (Chrono Boost)  
  181  10:30  Disruptor (Chrono Boost), Protoss Ground Weapons Level 3 (Chrono Boost)  
  184  10:37  Fleet Beacon  
  184  10:41  Stargate  
  168  10:45  Nexus  
  168  10:47  Stalker x5  
  172  10:56  Zealot x9  
  177  11:11  Stargate  
  177  11:14  Nexus  
  174  11:19  Zealot x2  
  174  11:23  Carrier (Chrono Boost)  
  178  11:26  Carrier (Chrono Boost)  
  187  11:35  Pylon  
  187  11:36  Disruptor  
  187  11:37  Pylon  
  166  11:59  Nexus  
  172  12:02  Carrier (Chrono Boost)  
  172  12:07  Gateway  
  171  12:10  Zealot x13  
  171  12:12  Protoss Air Weapons Level 1  
  195  12:25  Carrier (Chrono Boost)  
  195  12:28  Nexus  
  183  12:33  Zealot  
  181  12:42  Zealot x7  
  190  12:54  Templar Archives  
  184  13:01  Stalker x4  
  184  13:02  Stalker x4  
  170  13:29  Zealot x5  
  170  13:30  Zealot x3  
  172  13:43  High Templar x6  
  172  13:48  Archon x3  
  154  14:00  High Templar x4  
  154  14:02  Zealot x4  
  164  14:05  Archon x2  
  153  14:27  Stalker x2  
  153  14:28  Stalker x4, Zealot  
  108  14:32  Zealot x2  
  108  14:33  Zealot x8  
  93  14:56  Nexus, High Templar x6  
  99  15:00  Archon x2  
  99  15:01  Archon  
  99  15:11  Immortal (Chrono Boost)  
  99  15:12  Immortal (Chrono Boost)  
  99  15:18  Stalker x3  
  99  15:19  Stalker  
  107  15:26  Zealot  
  109  15:46  Immortal x2  
  117  15:50  High Templar x3  
  117  15:51  High Templar  
  117  15:54  Archon x2  
  125  16:01  Shield Battery  
  125  16:20  Stalker x4  
  125  16:21  Stalker  
  132  16:28  Observer (Chrono Boost)  
  132  16:29  Observer (Chrono Boost)  
  134  16:36  Nexus  
  134  16:44  Stalker x2  
  134  17:01  Zealot x5  
  134  17:02  Zealot x3  
  148  17:21  Immortal  
  124  17:35  Stalker x3  
  74  18:02  High Templar x4  
  80  18:07  Archon x2, High Templar x4  
  80  18:11  Immortal (Chrono Boost)  
  88  18:13  Archon x2  
  96  18:28  Stalker x2  
  90  18:51  Stalker x6  
  101  19:12  Nexus  
  101  19:17  High Templar x2  
  101  19:23  Archon, High Templar x2  
  108  19:26  Observer  
  108  19:28  Archon  
  108  19:40  Stalker x2  
  111  20:03  Observer  
  111  20:05  Nexus  
  111  20:13  Stalker x4  
  118  20:36  Zealot x3  
  124  20:59  Stalker  
  126  21:13  High Templar  
  126  21:14  High Templar  
  128  21:19  Archon  
  122  21:29  Nexus  
  122  21:32  Pylon  
  74  21:47  Zealot x2  
Show
View Real Time Build Order
Export as new Build Order

Solar Zerg - Winner!

Build Orders: Hatch First 

Get SALT Encoding   

  12  0:00  Drone  
  13  0:12  Overlord  
  13  0:17  Drone  
  14  0:31  Drone x2  
  16  0:49  Hatchery  
  15  0:51  Drone  
  15  0:55  Drone  
  17  0:58  Drone  
  18  1:09  Extractor  
  17  1:15  Spawning Pool  
  17  1:16  Drone  
  17  1:20  Drone  
  18  1:28  Drone  
  19  1:39  Drone  
  20  1:49  Overlord  
  20  2:02  Queen x2  
  20  2:03  Zergling x4  
  26  2:12  Drone x2  
  26  2:13  Metabolic Boost  
  28  2:23  Drone x2  
  30  2:36  Hatchery  
  29  2:38  Drone  
  30  2:44  Queen  
  30  2:49  Overlord  
  32  2:51  Zergling x2  
  32  2:54  Drone  
  32  2:56  Drone  
  32  2:58  Drone  
  36  3:09  Drone x2  
  36  3:11  Drone x3  
  41  3:14  Queen  
  41  3:19  Drone  
  44  3:20  Overlord  
  44  3:31  Overlord  
  43  3:38  Queen  
  43  3:39  Spore Crawler  
  44  3:42  Drone  
  44  3:47  Drone  
  45  3:51  Drone  
  45  3:52  Drone  
  45  3:53  Drone x3  
  45  3:55  Drone  
  47  4:01  Queen  
  49  4:07  Spore Crawler, Drone x3  
  49  4:08  Drone  
  52  4:10  Drone x2  
  52  4:12  Drone  
  52  4:15  Drone  
  56  4:18  Overlord  
  56  4:21  Drone  
  56  4:22  Drone  
  58  4:26  Drone x4  
  58  4:29  Overlord  
  62  4:32  Overlord  
  62  4:34  Overlord  
  62  4:38  Drone x2  
  64  4:43  Lair  
  64  4:46  Roach Warren  
  64  4:47  Drone  
  64  4:49  Drone  
  64  4:50  Extractor  
  64  4:51  Extractor, Drone  
  64  4:53  Drone x2  
  64  4:54  Drone  
  64  4:55  Drone  
  68  5:00  Drone x2  
  68  5:01  Spore Crawler, Drone  
  68  5:02  Drone  
  68  5:03  Drone  
  68  5:05  Overlord  
  72  5:09  Drone x2  
  72  5:11  Drone x2  
  72  5:12  Drone  
  77  5:16  Drone  
  77  5:17  Extractor  
  77  5:20  Drone  
  78  5:22  Drone  
  78  5:24  Zergling x4  
  78  5:25  Zergling x2  
  82  5:30  Drone  
  82  5:32  Drone  
  84  5:38  Extractor x2, Drone x2  
  84  5:39  Drone x2  
  84  5:40  Evolution Chamber  
  85  5:43  Glial Reconstitution, Overseer  
  85  5:44  Overlord  
  85  5:48  Overlord, Hatchery  
  85  5:49  Zergling x6  
  87  5:52  Roach x2  
  89  5:58  Roach  
  89  6:01  Roach  
  89  6:02  Roach  
  95  6:07  Zerg Melee Weapons Level 1  
  95  6:08  Roach  
  97  6:12  Overlord  
  97  6:14  Roach x5  
  97  6:17  Zergling x6  
  110  6:24  Drone x2  
  111  6:25  Overlord  
  111  6:30  Baneling Nest  
  110  6:35  Zergling x4  
  110  6:37  Drone  
  112  6:40  Drone  
  112  6:42  Zergling x8  
  112  6:46  Roach x3  
  119  6:48  Drone  
  119  6:49  Zergling x4  
  119  6:50  Drone  
  121  6:58  Roach  
  121  7:00  Roach x3  
  129  7:04  Spore Crawler  
  129  7:07  Drone  
  129  7:10  Overlord  
  129  7:11  Drone x2  
  129  7:14  Zergling x6  
  134  7:17  Centrifugal Hooks  
  134  7:18  Drone  
  134  7:22  Drone  
  136  7:23  Overlord x2  
  136  7:24  Overlord, Hatchery  
  136  7:25  Drone  
  136  7:27  Overlord  
  136  7:29  Drone  
  138  7:30  Drone  
  138  7:34  Drone  
  139  7:38  Drone x2  
  139  7:41  Roach, Evolution Chamber, Zergling x12  
  139  7:43  Overlord  
  148  7:44  Overlord  
  148  7:49  Evolution Chamber, Drone x2  
  146  7:55  Roach x6  
  158  8:03  Drone x3  
  158  8:04  Drone  
  162  8:06  Infestation Pit, Baneling x10  
  162  8:10  Zergling x12, Zerg Melee Weapons Level 2  
  167  8:15  Zergling x6  
  167  8:17  Zerg Missile Weapons Level 1  
  168  8:20  Drone x2  
  168  8:22  Zergling x14  
  168  8:24  Queen  
  168  8:26  Drone  
  177  8:33  Drone  
  172  8:34  Drone x2  
  172  8:37  Zergling x4  
  172  8:39  Drone x2  
  172  8:40  Zerg Ground Armor Level 1  
  174  8:41  Zergling x2  
  174  8:42  Spore Crawler  
  174  8:43  Baneling x5  
  174  8:44  Ravager x3  
  174  8:45  Overlord  
  174  8:46  Hive  
  176  8:48  Zergling x2  
  176  8:49  Spine Crawler, Zergling x8  
  176  8:51  Pneumatized Carapace  
  176  8:52  Zergling x4  
  176  8:53  Zergling x4  
  176  8:55  Zergling x4  
  186  8:58  Zergling x6  
  186  9:00  Baneling x7  
  189  9:04  Zergling x2  
  189  9:05  Zergling x4  
  189  9:08  Overlord  
  193  9:10  Zergling x8  
  193  9:15  Zergling x4  
  195  9:18  Drone x3  
  195  9:20  Overlord  
  197  9:25  Overlord  
  197  9:27  Baneling x6  
  197  9:28  Zergling x4  
  199  9:35  Overlord  
  199  9:37  Overlord  
  199  9:40  Pathogen Glands  
  199  9:45  Zergling x2  
  199  9:48  Baneling x11  
  199  9:58  Zergling x2  
  199  10:00  Zergling x2  
  199  10:01  Zergling x2  
  198  10:08  Spine Crawler x2, Zergling x8  
  198  10:10  Hatchery  
  198  10:11  Zergling x14  
  198  10:13  Zergling x8  
  200  10:16  Zergling x6  
  200  10:19  Zergling x6  
  198  10:23  Zergling x4  
  198  10:27  Adrenal Glands  
  199  10:28  Zerg Melee Weapons Level 3, Zerg Missile Weapons Level 2  
  199  10:29  Ultralisk Cavern  
  199  10:34  Zergling x6  
  200  10:38  Baneling x7  
  200  10:40  Zergling x8  
  198  10:43  Zergling x4  
  189  10:51  Zergling x12  
  189  10:52  Zergling x2  
  189  10:53  Zergling x4  
  174  10:57  Zergling x20  
  174  10:59  Zergling x8  
  188  11:09  Zergling x10  
  189  11:17  Zergling x4  
  182  11:18  Chitinous Plating  
  179  11:26  Zergling x6  
  179  11:30  Zergling x4  
  179  11:31  Zergling x10  
  181  11:33  Zergling x10  
  190  11:40  Ultralisk x2, Zergling x4  
  190  11:46  Zergling x4, Overseer  
  199  11:48  Baneling x10  
  199  11:51  Zergling x6  
  199  11:53  Zerg Ground Armor Level 2  
  198  11:55  Zergling x2  
  198  11:58  Hatchery  
  198  12:07  Overseer  
  196  12:09  Zergling x8  
  193  12:17  Zergling x8  
  193  12:20  Zergling x2  
  193  12:21  Zergling x2  
  199  12:27  Hatchery  
  199  12:29  Hatchery  
  197  12:32  Zergling x6  
  197  12:34  Spire  
  197  12:35  Zergling x6  
  200  12:37  Anabolic Synthesis, Zergling x2  
  200  12:39  Baneling  
  200  12:40  Baneling x12  
  197  12:46  Zergling x8  
  197  12:47  Zergling x2  
  197  12:49  Zergling x2  
  197  12:53  Zergling x8  
  200  13:03  Zergling x10  
  195  13:06  Zergling x10  
  192  13:14  Queen x2  
  175  13:34  Queen  
  150  13:42  Queen, Zergling x8  
  150  13:45  Corruptor x13  
  150  13:48  Zerg Flyer Weapons Level 1  
  169  13:49  Corruptor x3  
  169  13:52  Zergling x10  
  174  13:56  Drone x3  
  174  14:00  Drone x3  
  174  14:02  Zergling x6  
  183  14:04  Baneling x4  
  183  14:05  Ravager x3  
  183  14:06  Ravager, Zergling x2  
  183  14:07  Zergling x2  
  188  14:10  Zergling x4  
  188  14:15  Zergling x8  
  179  14:21  Ultralisk  
  179  14:22  Zergling x8  
  165  14:26  Zergling x6  
  165  14:29  Zergling x2  
  165  14:30  Zergling x4  
  144  14:33  Zergling x2  
  144  14:35  Zergling x6  
  144  14:37  Zergling x4  
  132  14:42  Zergling x2  
  125  14:47  Baneling x4  
  125  14:48  Ravager x3  
  125  14:51  Drone x3  
  131  14:56  Drone x4  
  131  14:59  Zergling x2  
  122  15:04  Drone  
  117  15:11  Zergling x4  
  119  15:15  Zergling x2  
  119  15:20  Drone  
  119  15:21  Drone  
  121  15:26  Infestor  
  121  15:32  Infestor  
  123  15:40  Drone x3  
  124  15:43  Zergling x8  
  124  15:47  Infestor  
  128  15:57  Zergling x10  
  132  16:05  Drone x3  
  132  16:06  Drone  
  132  16:08  Drone x2  
  132  16:13  Zergling x6  
  132  16:16  Zergling x4  
  135  16:19  Zergling x2  
  136  16:25  Neural Parasite  
  136  16:28  Infestor x2  
  136  16:32  Baneling x4  
  140  16:34  Infestor  
  140  16:37  Infestor  
  144  16:43  Zergling x2  
  144  16:44  Zergling x6  
  148  16:48  Infestor x2  
  148  16:51  Zergling x6  
  148  16:53  Zergling x2  
  156  16:55  Zergling x4  
  156  16:59  Zergling x4  
  155  17:02  Zergling x4  
  152  17:09  Zergling x6  
  152  17:10  Zergling x2  
  152  17:12  Baneling  
  156  17:17  Zergling x4  
  151  17:25  Zergling x8  
  151  17:28  Zergling x2  
  123  17:31  Zergling x2  
  123  17:33  Zergling x2  
  123  17:34  Zergling x2  
  106  17:42  Baneling x6  
  103  17:45  Infestor  
  100  17:52  Infestor  
  100  17:54  Zergling x2  
  95  18:12  Infestor  
  95  18:16  Hatchery  
  95  18:17  Zergling x4  
  95  18:18  Zergling x2  
  99  18:21  Baneling x2  
  99  18:27  Infestor  
  99  18:30  Infestor  
  101  18:36  Infestor  
  101  18:38  Zergling x2  
  101  18:39  Zergling x2  
  103  18:44  Zergling x4  
  102  18:56  Ultralisk  
  102  19:00  Zergling x2  
  107  19:07  Infestor x2  
  111  19:14  Drone x3  
  114  19:20  Infestor  
  114  19:23  Zergling x2  
  116  19:26  Baneling  
  116  19:30  Burrow  
  116  19:35  Zergling x2  
  116  19:38  Zergling x4  
  119  19:42  Zergling x2  
  119  19:43  Zergling x2  
  120  19:47  Roach  
  120  19:49  Zergling x2  
  120  19:51  Zergling x2  
  124  19:53  Baneling x3  
  124  19:57  Zergling x4  
  124  19:59  Zergling x2  
  124  20:05  Zergling x6  
  127  20:11  Zergling x8  
  129  20:16  Baneling x5  
  129  20:20  Infestor x12  
  128  20:24  Zergling x10  
  133  20:33  Zergling x8  
  133  20:34  Zergling x4  
  128  20:36  Zergling x4  
  128  20:37  Zergling x2  
  128  20:41  Zergling x6  
  134  20:45  Zergling x6  
  136  20:53  Ultralisk  
  136  20:54  Zergling x2  
  136  20:56  Infestor x12  
  132  20:58  Zergling x6  
  132  21:00  Baneling  
  132  21:01  Baneling x2  
  132  21:02  Zergling x2  
  136  21:06  Zergling x2  
  136  21:07  Zergling x4  
  136  21:10  Zergling x6  
  139  21:26  Zergling x12  
  139  21:28  Zergling x2  
  139  21:31  Zergling x4  
  153  21:35  Zergling x4  

Tags
 
Add a new tag
Caveats
  • Supply blocks, unpowered buildings, or Contaminate may cause inaccurate times.
  • Supply counts are checked every 10 seconds.